Map: Ulrena

Players

MrPro

  • Race: Protoss Protoss
  • League: Master

FozzieBear - Winner!

  • Race: Terran Terran
  • League: Master

VOD

Have the link to the VOD?

Description

Time

  • Played on: July 7, 2016, 3:42 a.m.
  • Length: 15:30
Show
View Real Time Build Order
Export as new Build Order

MrPro Protoss 

Build Orders:  

Get SALT Encoding   

  12  0:00  Probe (Chrono Boost)  
  13  0:11  Probe (Chrono Boost)  
  14  0:18  Pylon  
  14  0:21  Probe (Chrono Boost)  
  15  0:36  Probe (Chrono Boost)  
  15  0:39  Gateway  
  16  0:46  Probe (Chrono Boost)  
  17  0:52  Assimilator  
  18  0:57  Probe (Chrono Boost)  
  18  1:07  Probe (Chrono Boost)  
  18  1:08  Assimilator  
  19  1:18  Probe (Chrono Boost)  
  20  1:26  Gateway  
  20  1:28  Probe (Chrono Boost)  
  20  1:29  Cybernetics Core  
  21  1:38  Pylon  
  21  1:39  Probe (Chrono Boost)  
  22  1:50  Probe (Chrono Boost)  
  25  2:09  Mothership Core (Chrono Boost)  
  25  2:10  Pylon  
  25  2:12  Warp Gate (Chrono Boost)  
  25  2:14  Pylon x2  
  25  2:21  Adept (Chrono Boost)  
  27  2:25  Adept (Chrono Boost)  
  29  2:33  Probe (Chrono Boost)  
  31  2:51  Stalker (Chrono Boost)  
  31  3:15  Nexus  
  31  3:18  Stalker (Chrono Boost)  
  33  3:25  Stalker (Chrono Boost)  
  35  3:28  Probe  
  36  3:56  Stargate  
  30  4:19  Pylon  
  30  4:21  Stalker x2  
  34  4:28  Probe  
  32  4:40  Phoenix (Chrono Boost)  
  29  4:52  Probe  
  30  4:53  Probe  
  31  5:04  Probe  
  31  5:05  Phoenix (Chrono Boost)  
  34  5:07  Probe  
  35  5:16  Probe  
  35  5:23  Twilight Council  
  35  5:35  Probe  
  35  5:36  Probe  
  37  5:46  Oracle (Chrono Boost), Probe  
  37  5:48  Probe  
  42  5:56  Probe  
  42  6:03  Probe  
  44  6:07  Probe  
  44  6:08  Pylon  
  45  6:15  Pylon, Probe  
  45  6:18  Probe  
  46  6:23  Adept x2  
  41  6:48  Stalker x2, Probe  
  41  6:49  Probe  
  44  6:59  Oracle (Chrono Boost)  
  41  7:16  Stalker x2  
  41  7:19  Probe  
  41  7:20  Probe  
  47  7:29  Probe  
  47  7:32  Probe  
  49  7:40  Probe  
  50  7:44  Probe  
  50  7:46  Dark Shrine  
  50  7:50  Probe  
  51  7:57  Adept  
  54  8:12  Nexus  
  54  8:19  Pylon  
  54  8:20  Pylon  
  54  8:23  Pylon  
  54  8:25  Gateway  
  54  8:31  Gateway  
  54  8:35  Probe  
  54  8:37  Probe  
  56  8:46  Phoenix (Chrono Boost)  
  56  8:47  Probe  
  58  8:49  Probe  
  58  8:51  Adept x2  
  64  8:57  Pylon  
  64  9:02  Probe  
  64  9:03  Probe  
  66  9:10  Phoenix (Chrono Boost)  
  66  9:14  Dark Templar x2  
  72  9:18  Probe  
  72  9:20  Probe  
  74  9:24  Resonating Glaives (Chrono Boost)  
  74  9:29  Probe x2  
  76  9:32  Probe  
  73  9:38  Adept x2  
  73  9:44  Probe  
  73  9:45  Probe  
  77  9:46  Probe  
  77  9:49  Pylon  
  77  9:52  Adept x2  
  84  10:04  Adept x2  
  69  10:25  Adept x4  
  73  10:38  Gateway  
  73  10:41  Gateway  
  64  10:43  Gateway  
  64  10:44  Gateway  
  64  10:46  Adept x2  
  64  10:47  Adept x2  
  66  11:02  Pylon  
  66  11:03  Pylon  
  66  11:05  Pylon  
  66  11:08  Adept x3  
  39  11:40  Adept x6  
  39  11:43  Probe  
  39  11:44  Probe  
  53  11:52  Adept x2  
  53  11:53  Probe  
  56  11:55  Pylon  
  56  11:56  Probe  
  56  12:00  Phoenix (Chrono Boost)  
  52  12:11  Adept x4  
  52  12:12  Probe  
  52  12:13  Probe  
  61  12:27  Phoenix (Chrono Boost)  
  63  12:37  Adept  
  63  12:38  Adept x2  
  69  12:48  Adept  
  69  12:49  Adept  
  59  13:06  Adept x5  
  57  13:21  Adept x3  
  51  13:30  Adept x3  
  51  13:31  Adept  
  51  13:57  Nexus  
  45  14:22  Phoenix (Chrono Boost)  
  43  14:30  Assimilator  
  43  14:31  Zealot x7  
  45  14:33  Assimilator  
  53  14:43  Probe  
  53  14:44  Oracle (Chrono Boost), Probe  
  58  14:52  Stalker  
  60  14:53  Probe  
  61  15:05  Stalker  
  50  15:23  Zealot x3  
Show
View Real Time Build Order
Export as new Build Order

FozzieBear Terran - Winner!

Build Orders: Liberator Opening 

Get SALT Encoding   

  12  0:01  SCV  
  13  0:13  SCV  
  14  0:20  Supply Depot  
  14  0:25  SCV  
  15  0:34  Refinery  
  15  0:41  SCV  
  16  0:46  Barracks  
  16  0:54  SCV  
  17  0:57  Refinery  
  17  1:06  SCV  
  18  1:18  SCV  
  19  1:32  Orbital Command  
  19  1:34  Barracks Reactor  
  19  1:40  Factory  
  19  1:55  Supply Depot  
  19  1:59  SCV  
  20  2:08  Supply Depot  
  20  2:15  Marine  
  21  2:16  Bunker  
  21  2:17  Marine  
  23  2:22  SCV  
  23  2:24  Factory Tech Lab  
  23  2:33  Marine  
  24  2:41  Starport  
  24  2:50  SCV  
  25  3:04  Siege Tank  
  25  3:05  Marine  
  29  3:06  SCV  
  29  3:11  Supply Depot  
  30  3:15  Liberator, Supply Depot  
  30  3:20  Marine  
  33  3:38  Siege Tank  
  36  3:50  SCV  
  37  4:02  SCV  
  38  4:03  Barracks Reactor  
  38  4:11  Supply Depot  
  38  4:12  Factory Tech Lab  
  38  4:14  SCV  
  38  4:16  Starport Tech Lab  
  39  4:26  SCV  
  40  4:41  Marine x2  
  40  4:45  Siege Tank  
  42  4:46  SCV  
  42  4:47  Cloaking Field, Banshee  
  46  4:58  SCV, Supply Depot  
  46  4:59  Marine x2  
  49  5:17  Marine  
  47  5:21  Marine  
  47  5:22  Siege Tank  
  51  5:33  Banshee  
  51  5:34  Marine  
  51  5:35  SCV  
  55  5:39  Marine  
  56  5:47  Supply Depot  
  56  5:52  Marine  
  56  5:54  Siege Tank  
  60  5:57  Marine  
  61  6:10  Marine  
  62  6:15  Marine  
  62  6:16  Command Center  
  63  6:24  Raven  
  65  6:28  Marine  
  65  6:33  Marine  
  54  6:46  Marine  
  54  6:51  Marine  
  50  6:57  Siege Tank  
  52  7:04  Marine  
  52  7:17  Marine  
  52  7:21  Marine  
  52  7:22  Armory  
  48  7:29  Orbital Command  
  44  7:34  Armory  
  44  7:35  Banshee  
  46  7:40  SCV  
  46  7:42  Marine x2  
  49  7:46  Orbital Command  
  49  7:52  SCV  
  50  7:59  Marine  
  50  8:00  Marine  
  50  8:04  SCV  
  53  8:13  Thor  
  53  8:16  SCV x2  
  53  8:17  Marine x2  
  63  8:20  Refinery  
  63  8:21  Refinery  
  63  8:28  SCV x2  
  63  8:32  Banshee  
  68  8:35  Marine x2  
  68  8:40  SCV x2  
  69  8:52  SCV x2  
  69  8:53  Marine x2  
  73  9:04  SCV x2  
  73  9:09  Command Center  
  75  9:10  Thor  
  75  9:11  Marine  
  75  9:12  Marine  
  75  9:15  Banshee  
  86  9:17  Supply Depot  
  86  9:21  Supply Depot  
  86  9:26  SCV x2  
  86  9:29  Marine  
  86  9:30  Marine  
  90  9:38  Terran Vehicle And Ship Armor Level 1  
  90  9:39  SCV x2  
  90  9:44  Supply Depot  
  92  9:46  Marine  
  92  9:48  Marine  
  92  9:49  Engineering Bay  
  94  10:04  Marine  
  94  10:05  Marine  
  85  10:21  Thor  
  85  10:22  Marine  
  85  10:24  Missile Turret x2, Raven  
  83  10:48  Marine x2  
  80  10:54  SCV x2  
  80  11:04  Thor  
  80  11:05  Marine  
  80  11:06  Marine, SCV x2  
  80  11:07  Factory  
  90  11:19  Orbital Command  
  90  11:30  Marine  
  90  11:31  Marine, Banshee  
  82  11:48  Marine  
  82  11:53  Orbital Command  
  82  12:03  Thor  
  81  12:08  Factory Reactor  
  77  12:18  Marine x2  
  77  12:19  Banshee  
  82  12:25  SCV  
  83  12:35  Factory  
  83  12:36  Marine x2  
  85  12:38  Refinery  
  85  12:39  Refinery  
  85  12:47  Hellion x2  
  85  12:48  Thor  
  94  13:05  Marine x2  
  91  13:06  Raven  
  91  13:08  Hellion x2  
  98  13:18  Infernal Pre-Igniter  
  98  13:19  Factory Tech Lab  
  84  13:30  Hellion x2  
  88  13:40  Thor  
  94  13:47  Thor  
  97  13:51  Hellion x2  
  97  13:52  Factory  
  95  13:59  Banshee  
  91  14:12  Hellion  
  91  14:13  SCV x3, Hellion  
  83  14:24  Thor  
  83  14:25  SCV x3  
  83  14:27  Marine x2  
  94  14:34  Thor  
  94  14:37  SCV x3  
  94  14:38  Factory Tech Lab  
  103  14:42  Hellion  
  103  14:43  Hellion  
  103  14:45  Marine x2  
  109  14:49  SCV  
  113  15:04  Hellion x2  
Tags
 
Add a new tag
Caveats
  • Supply blocks, unpowered buildings, or Contaminate may cause inaccurate times.
  • Supply counts are checked every 10 seconds.